Unix NetHack Version 3.7.0-101 Work-in-progress - last build Mar 4 2024 02:26:32 (3c4ac04b664b9ee0831c739617f054b5b60dbfd1,branch:master). Game began 2024-03-18 09:14:34, ended 2024-03-19 08:15:00. elenmirie, neutral female gnomish Archeologist ---------- ----------- 0################.........| |..^{.....-####### |...<....| ----------- |........)| # |........| |).)[)*.?.-# |.........- ...(.....| |(=).%?%%.|# -----|----- --------.- |[!))!()..|# ### ## |[!*?)....|# # ## -----------### # # # # 0# # # i## ############## # # --@-------- -.---.-- ####|..d......| |......| #|.........-############################ |......| #-....*....| |......| ----------- -------- Elenmirie the Field Worker St:11 Dx:9 Co:12 In:15 Wi:16 Ch:13 Neutral Dlvl:4 $:224 HP:0(25) Pw:17(17) AC:7 Xp:4/138 T:2849 Burdened Latest messages: The iguana is killed! Yermak picks up a worthless piece of yellow glass. You see here an octagonal amulet. You have a little trouble lifting Z - an octagonal amulet. Yermak drops a worthless piece of yellow glass. You swap places with Yermak. Ouch! You bump into a door. Ouch! You bump into a door. This door is locked. Unlock it with your key? [ynq] (q) y You succeed in unlocking the door. The door resists! The door resists! The door opens. You hear someone cursing shoplifters. You swap places with Yermak. You hear the chime of a cash register. You miss the rock mole. You miss the rock mole. The rock mole bites! You lash the rock mole. You miss the rock mole. The rock mole bites! You miss the rock mole. The rock mole bites! You lash the rock mole. You lash the rock mole. The rock mole turns to flee. You kill the rock mole! You swap places with Yermak. You hear some noises in the distance. Yermak bites the little dog. The little dog bites Yermak. Yermak bites the little dog. The little dog is killed! Yermak eats a little dog corpse. The homunculus bites! You are put to sleep by the homunculus! The homunculus bites! The homunculus bites! The homunculus bites! The homunculus bites! The homunculus bites! The homunculus bites! You die... Do you want your possessions identified? [ynq] (y) y Do you want to see your attributes? [ynq] (y) y Do you want an account of creatures vanquished? [ynaq] (y) y Do you want to see your conduct and achievements? [ynq] (y) y Do you want to see the dungeon overview? [ynq] (y) y Inventory: Coins $ - 224 gold pieces Amulets Z - a cursed amulet of restful sleep Weapons a - an uncursed +2 bullwhip (weapon in right hand) Armor c - an uncursed +0 fedora m - an uncursed +0 orcish helm (being worn) u - an uncursed +0 pair of water walking boots (being worn) b - a blessed +0 leather jacket (being worn) Comestibles d - 5 uncursed food rations k - a cursed food ration Q - 2 uncursed fortune cookies S - an uncursed tripe ration Scrolls X - an uncursed scroll of teleportation Rings l - an uncursed ring of shock resistance Wands o - an uncursed wand of cold (0:4) W - an uncursed wand of digging (0:8) N - an uncursed wand of digging (0:6) T - an uncursed wand of digging (0:4) Y - an uncursed wand of sleep (0:5) Tools w - an uncursed sack containing 10 items n - an uncursed tooled horn x - an uncursed blindfold p - an uncursed magic lamp i - an uncursed magic marker (0:21) e - an uncursed skeleton key P - an uncursed stethoscope t - an uncursed tinning kit (0:45) Gems/Stones g - an uncursed touchstone Contents of the sack: an uncursed scroll of confuse monster 2 uncursed scrolls of enchant armor an uncursed scroll of identify 2 uncursed scrolls of teleportation an uncursed potion of enlightenment an uncursed potion of gain energy a cursed potion of gain energy an uncursed potion of healing a cursed potion of healing an uncursed +0 pick-axe Elenmirie the Archeologist's attributes: Background: You were a Field Worker, a level 4 female gnomish Archeologist. You were neutral, nominally on a mission for Camaxtli who was opposed by Quetzalcoatl (lawful) and Huhetotl (chaotic). You were right-handed. You were in the Dungeons of Doom, on level 4. You entered the dungeon 2849 turns ago. You had 138 experience points, 22 more were needed to attain level 5. Basics: You had 0 out of 25 hit points. You had all 17 energy points (spell power). Your armor class was 7. Your wallet contained 224 zorkmids. Autopickup was on for '$' plus thrown. Final Characteristics: Your strength was 11 (limit:18/50). Your dexterity was 9 (limit:18). Your constitution was 12 (limit:18). Your intelligence was 15 (limit:19). Your wisdom was 16 (limit:18). Your charisma was 13 (limit:18). Final Status: You weren't hungry. You were burdened; movement was slightly slowed. You were wielding a whip. You had basic skill with whip. Final Attributes: You were piously aligned. You were telepathic. You had automatic searching. You had infravision. You could walk on water. You are dead. Miscellaneous: You never encountered a bones level. Total elapsed playing time was 33 minutes and 9 seconds. Major events: Turn 1: elenmirie the neutral female gnomish Archeologist entered the dungeon 1463: attained the rank of Field Worker (level 3) 1853: entered the Gnomish Mines 2849: killed by a homunculus, while sleeping Vanquished creatures: a small mimic a rock mole a little dog a floating eye a giant bat 4 iguanas a coyote 2 giant rats 2 cave spiders a yellow mold 2 garter snakes a gecko 2 jackals 2 foxes 3 goblins 2 sewer rats 6 grid bugs 3 lichens a kobold zombie 4 newts 41 creatures vanquished. No species were genocided or became extinct. Voluntary challenges: You were an atheist. You read items or engraved 3 times. You never engraved Elbereth. You never genocided any monsters. You never polymorphed an object. You never changed form. You used no wishes. Achievements: You entered a shop. You attained the rank of Field Worker. You entered the Gnomish Mines. The Dungeons of Doom: levels 1 to 4 Level 1: Level 2: A fountain. Level 3: A fountain. Stairs down to The Gnomish Mines. Level 4: <- You were here. A fountain. Final resting place for you, killed by a homunculus, while sleeping. The Gnomish Mines: Level 4: Game over: ---------- / \ / REST \ / IN \ / PEACE \ / \ | elenmirie | | 224 Au | | killed by a | | homunculus | | | | | | 2024 | *| * * * | * _________)/\\_//(\/(/\)/\//\/|_)_______ Goodbye elenmirie the Archeologist... You died in The Dungeons of Doom on dungeon level 4 with 924 points, and 224 pieces of gold, after 2849 moves. You were level 4 with a maximum of 25 hit points when you died.